 Dungeon Crawl Stone Soup version 0.32-a0-42-ga30500b4d3 (webtiles) character file.

Game seed: 6461257195043030253

239 PriceMaster the Firebug (level 6, -7/36 HPs)
             Began as an Octopode Fire Elementalist on Jan 27, 2024.
             Killed by nerve-wracking pain
             ... invoked by an orc priest
              (13 damage)
             ... on level 2 of the Dungeon.
             The game lasted 00:05:39 (2188 turns).

PriceMaster the Firebug (OpFE)                      Turns: 2188, Time: 00:05:39

Health: -7/36      AC:  1    Str:  8    XL:     6   Next: 7%
Magic:  4/11       EV: 13    Int: 19    God:
Gold:   94         SH:  0    Dex: 12    Spells: 6/12 levels left

rFire   . . .        g - +0 scythe
rCold   . . .        (shield currently unavailable)
rNeg    . . .        (helmet restricted)
rPois   .            (no amulet)
rElec   .            (no ring)
rCorr   .            (no ring)
SInv    .            (no ring)
Will    .....        (no ring)
Stlth   +++          (no ring)
HPRegen 0.26/turn    (no ring)
MPRegen 0.12/turn    (no ring)
                     (no ring)

%: no passive effects
@: very slightly contaminated
A: almost no armour, amphibious, 8 rings, camouflage 1, gelatinous body 1,
(nimble swimmer 1), tentacles
a: no special abilities


You were on level 2 of the Dungeon.
You visited 1 branch of the dungeon, and saw 2 of its levels.

You collected 94 gold pieces.

Inventory:

Hand Weapons
 c - a +0 dagger
 g - a +0 scythe (weapon)
Scrolls
 d - a scroll of brand weapon {unknown}
 f - 2 scrolls of blinking {unknown}
 h - a scroll of identify {unknown}
 i - a scroll of teleportation {unknown}
Potions
 a - a potion of magic
 b - a potion of mutation {unknown}
 e - 2 potions of curing {unknown}


   Skills:
 + Level 0.2 Polearms
 + Level 2.5 Dodging
 + Level 3.5 Stealth
 + Level 3.7 Spellcasting
 + Level 2.3 Conjurations
 + Level 0.3 Hexes
 + Level 4.2 Fire Magic


You had 6 spell levels left.
You knew the following spells:

 Your Spells              Type           Power      Damage    Failure   Level
a - Foxfire               Conj/Fire      64%        2x1d7     3%          1
b - Scorch                Fire           38%        2d6       3%          2
c - Inner Flame           Hex/Fire       12%        N/A       16%         3

Your spell library contained the following spells:

 Spells                   Type           Power      Damage    Failure   Level
 Volatile Blastmotes      Fire/Tloc      22%        2d11      19%         3
 Flame Wave               Conj/Fire      16%        2d7       36%         4
 Cause Fear               Hex            2%         N/A       77%         4
 Anguish                  Hex/Necr       2%         N/A       78%         4
 Enfeeble                 Hex            2%         N/A       100%        7


Dungeon Overview and Level Annotations

Branches:
Dungeon (2/15)

Altars:

Shops:
D:1 !

Annotations:
D:2 Natasha


Innate Abilities, Weirdness & Mutations

You cannot wear most types of armour.
You are amphibious.
You can wear up to eight rings at the same time.
Your skin changes colour to match your surroundings (Stealth+).
Your rubbery body absorbs attacks. (AC +1, EV +1)
((You are camouflaged when in or above water. (Stealth+)))
You have tentacles for arms and can constrict up to eight enemies at once.


Message History

Nothing appears to happen.
The foxfire hits the orc.
The orc is severely wounded.
The foxfire hits the orc.
You kill the orc!
Unknown command.
Casting: Foxfire (safe; 3% risk of failure)
Confirm with . or Enter, or press ? or * to list all spells.
You conjure some foxfire!
Casting: Foxfire (safe; 3% risk of failure)
Confirm with . or Enter, or press ? or * to list all spells.
You conjure some foxfire!
The foxfire hits the orc priest but does no damage. x2
The orc priest calls down the wrath of Beogh upon you.
Beogh smites you!
Casting: Foxfire (safe; 3% risk of failure)
Confirm with . or Enter, or press ? or * to list all spells.
You conjure some foxfire!
The foxfire hits the orc priest.
The orc priest is lightly wounded.
The foxfire hits the orc priest.
The orc priest is moderately wounded.
Casting: Foxfire (safe; 3% risk of failure)
Confirm with . or Enter, or press ? or * to list all spells.
You conjure some foxfire!
The foxfire hits the orc priest but does no damage.
The orc priest is moderately wounded.
The foxfire hits the orc priest.
The orc priest is severely wounded.
The orc priest mumbles some strange prayers to Beogh against you.
Beogh smites you!
* * * LOW HITPOINT WARNING * * *
Casting: Foxfire (safe; 3% risk of failure)
Press: ? - help, Q - select action, (/) - cycle Dir - look around, f - activate You conjure some foxfire!
The foxfire hits the orc priest but does no damage.
The orc priest is heavily wounded.
The foxfire hits the orc priest but does no damage.
The orc priest is heavily wounded.
The orc priest calls down the wrath of Beogh upon you.
Pain shoots through your body!
You die...

##....########
##............ ..#
...##..#########.#
###
#####.###........##..
#####.##.........#..
...##.#o...........#
......#⌠...........#
...##.#$.......v§v#
#####.# .....o)§@#
#.## ......§.#
#..#########.#
##...........#
#############


You could see an orc priest (ally target).

Vanquished Creatures
  Sigmund (D:2)
  Natasha (D:2)
  A ribbon worm (D:2)
  3 dart slugs
  An orc (D:2)
  7 bats
  4 endoplasms (D:1)
  2 giant cockroaches
  5 goblins (D:1)
  6 hobgoblins
  A quokka (D:2)
  7 ball pythons (D:1)
  4 frilled lizards
  A kobold (D:2)
  3 rats
47 creatures vanquished.

Vanquished Creatures (collateral kills)
  10 foxfires (D:1)
10 creatures vanquished.

Vanquished Creatures (others)
  85 foxfires
85 creatures vanquished.

Grand Total: 142 creatures vanquished

Notes
Turn   | Place    | Note
-------+----------+-------------------------------------------
     0 | D:1      | PriceMaster the Octopode Fire Elementalist began the quest
                  | for the Orb.
     0 | D:1      | Reached XP level 1. HP: 11/11 MP: 3/3
   153 | D:1      | Reached XP level 2. HP: 17/17 MP: 5/5
   156 | D:1      | Learned a level 2 spell: Scorch
   659 | D:1      | Reached XP level 3. HP: 21/21 MP: 1/6
   778 | D:1      | Found Osutsiv's Distillery.
  1290 | D:1      | Learned a level 3 spell: Inner Flame
  1466 | D:2      | Noticed Sigmund
  1471 | D:2      | Killed Sigmund
  1472 | D:2      | Reached skill level 4 in Fire Magic
  1472 | D:2      | Reached XP level 4. HP: 27/27 MP: 0/9
  1472 | D:2      | Reached XP level 5. HP: 31/31 MP: 0/10
  1836 | D:2      | Noticed Natasha
  1841 | D:2      | Killed Natasha
  1842 | D:2      | Reached XP level 6. HP: 36/36 MP: 1/11
  2006 | D:2      | Noticed Natasha
  2188 | D:2      | Killed from afar by an orc priest

Illustrated notes

Levels and vault maps discovered:
D:1:      reono_arrival_mine, layout_loops_ring, serial_shops, shop,
          serial_forest, infiniplex_forest_clump_small,
          infiniplex_forest_clump_curved, infiniplex_forest_clump_C,
          infiniplex_forest_lined_2, infiniplex_forest_end_2,
          infiniplex_forest_lined_3, infiniplex_forest_clump_double
D:2:      cheibrodos_pilgrimage, layout_basic, basic_altar, st_stairs_10,
          uniq_natasha, uniq_sigmund

Skill      XL: |  1  2  3  4  5 |
---------------+----------------+-----
Stealth        | 3 |  3.5
Spellcasting   | 3 |  3.7
Fire Magic     | 4 |  4.2
Conjurations   | 2 |  2.3
Polearms       | |  0.2
Dodging        | |  2.5
Hexes          | |  0.3

Action                     |  1- 3 |  4- 6 || total
---------------------------+-------+-------++-------
  Melee: Unarmed           |     4 |       ||     4
         Dagger            |    19 |       ||    19
         Constrict         |     2 |     2 ||     4
         Tentacles         |     1 |     1 ||     2
         Halberd           |       |    10 ||    10
         Punch             |       |     1 ||     1
   Cast: Foxfire           |    41 |    16 ||    57
         Scorch            |    11 |     2 ||    13
         Inner Flame       |     2 |       ||     2
   Stab: Sleeping          |     5 |     1 ||     6
 Armour: Skin              |    12 |     5 ||    17
  Dodge: Dodged            |    18 |     5 ||    23

Table legend: (Time is in decaauts)
 A = Elapsed time spent in this place.
 B = Non-inter-level travel time spent in this place.
 C = Inter-level travel time spent in this place.
 D = Time resting spent in this place.
 E = Time spent auto-exploring this place.
 F = Levels seen in this place.
 G = Mean time per level.
                   A        B        C        D        E       F      G
               +--------+--------+--------+--------+--------+-----+--------+
         Total |   2191 |   2162 |     29 |    274 |   1575 |   2 | 1095.5 |
       Dungeon |   2191 |   2162 |     29 |    274 |   1575 |   2 | 1095.5 |
               +--------+--------+--------+--------+--------+-----+--------+

Top non-repeatable levels by time:
     D:1: 1388 daAuts
     D:2: 803 daAuts
